 Dungeon Crawl Stone Soup version 0.27-a0-96-gb51a1d6fd6 (webtiles) character file.

Game seed: 11567325444588761926

809 Eltomo the Cudgeller (level 7, 0/63 HPs)
             Began as a Minotaur Berserker on Jan 18, 2021.
             Was a Believer of Trog.
             Slain by a black bear (6 damage)
             ... on level 6 of the Dungeon on Jan 19, 2021.
             The game lasted 00:11:33 (2720 turns).

Eltomo the Cudgeller (Minotaur Berserker)           Turns: 2720, Time: 00:11:33

Health: 0/63       AC:  6    Str: 24    XL:     7   Next: 61%
Magic:  6/6        EV: 12    Int:  4    God:    Trog [**....]
Gold:   115        SH:  0    Dex:  9    Spells: 6/6 levels left

rFire    . . .     SeeInvis .   a - +0 mace
rCold    . . .     Faith    .   (no shield)
rNeg     . . .     Spirit   .   f - +0 ring mail
rPois    .         Reflect  .   (helmet restricted)
rElec    .         Harm     .   (no cloak)
rCorr    .         Rampage  .   (no gloves)
Will     .....                  (no boots)
Stlth    ..........             (no amulet)
HPRegen  0.20/turn              (no ring)
MPRegen  0.10/turn              (no ring)

@: berserk cooldown, slowed, very slow
A: retaliatory headbutt, horns 2
a: Renounce Religion, Berserk, Trog's Hand


You were on level 6 of the Dungeon.
You worshipped Trog.
Trog was pleased with you.
You visited 1 branch of the dungeon, and saw 6 of its levels.

You collected 115 gold pieces.

Inventory:

Hand Weapons
 a - a +0 mace (weapon)
Armour
 b - a +0 animal skin
 f - a +0 ring mail (worn)
Scrolls
 h - a scroll of teleportation {unknown}
 i - a scroll of identify {unknown}
Potions
 c - a potion of degeneration {unknown}
 d - a potion of lignification {unknown}
 e - a potion of ambrosia {unknown}
 g - 2 potions of curing {unknown}
 j - a potion of invisibility {unknown}
 k - 2 potions of flight {unknown}


   Skills:
 + Level 6.0 Fighting
 + Level 7.4 Maces & Flails
 + Level 5.5 Armour
 + Level 4.0 Dodging
 + Level 0.1 Stealth


You had 6 spell levels left.
You didn't know any spells.
Your spell library was empty.

Dungeon Overview and Level Annotations

Branches:
Dungeon (6/15)
 Temple: D:4-7

Altars:
Makhleb
Zin


Innate Abilities, Weirdness & Mutations

You reflexively headbutt those who attack you in melee.
You have a pair of horns on your head.


Message History

A black bear is nearby!
A black bear is nearby!
A black bear is nearby!
A black bear is nearby!
A black bear is nearby!
You start resting.
A black bear is nearby!
The black bear growls angrily.
Items here: )) [[ ††.
The black bear bites you but does no damage.
The black bear claws you but does no damage. x2
Items here: )) [[ ††.
You hit the black bear but do no damage.
The black bear bites you.
* * * LOW HITPOINT WARNING * * *
The black bear misses you. The black bear barely misses you.
The black bear misses you. The black bear barely misses you.
The black bear claws you but does no damage.
You closely miss the black bear. The black bear bites you.
You die...

############## #####
#............# #<..#
#.##########.# ###.#
#.##########.# #.# #
#...).@h...#.#####.#.#
##########.#.........#
.#######.### .# #.# .#
#.# .# #.# .# #.# h#
#.# #.#


You could see a black bear.

Vanquished Creatures
  Eustachio (D:5)
  An orc warrior (D:6)
  A phantom (D:5)
  A necrophage (D:6)
  2 ogres
  2 howler monkeys (D:4)
  2 orc wizards (D:6)
  2 worker ants
  A howler monkey zombie (D:6)
  4 adders
  2 oozes
  A worm (D:5)
  A dart slug (D:4)
  2 leopard geckos
  An orc (D:4)
  2 bats (D:1)
  4 giant cockroaches
  A hobgoblin (D:2)
  3 goblins (D:1)
  A jackal skeleton (D:5)
  4 rats
39 creatures vanquished.

Notes
Turn   | Place    | Note
-------+----------+-------------------------------------------
     0 | D:1      | Eltomo the Minotaur Berserker began the quest for the Orb.
     0 | D:1      | Reached XP level 1. HP: 19/19 MP: 0/0
   105 | D:1      | Reached XP level 2. HP: 23/27 MP: 1/1
   201 | D:2      | Reached skill level 4 in Maces & Flails
   236 | D:2      | Found a burning altar of Makhleb.
   268 | D:2      | Reached XP level 3. HP: 15/33 MP: 2/2
   504 | D:3      | Upgraded the game from 0.27-a0-95-g5a9077b8ae to
                  | 0.27-a0-96-gb51a1d6fd6
  1208 | D:4      | Reached XP level 4. HP: 34/41 MP: 3/3
  1238 | D:4      | Noticed an ogre
  1244 | D:4      | Killed an ogre
  1244 | D:4      | Reached ** piety under Trog
  1245 | D:4      | Reached skill level 5 in Fighting
  1245 | D:4      | Reached skill level 5 in Maces & Flails
  1245 | D:4      | Reached XP level 5. HP: 31/48 MP: 4/4
  1394 | D:5      | Entered Level 5 of the Dungeon
  1412 | D:5      | Found a glowing silver altar of Zin.
  1470 | D:5      | Noticed Eustachio
  1504 | D:5      | Killed Eustachio
  1505 | D:5      | Reached skill level 6 in Maces & Flails
  1505 | D:5      | Reached XP level 6. HP: 22/56 MP: 5/5
  1720 | D:5      | Reached skill level 5 in Armour
  1720 | D:5      | Reached XP level 7. HP: 16/62 MP: 6/6
  2699 | D:6      | Reached skill level 7 in Maces & Flails
  2720 | D:6      | Slain by a black bear

Illustrated notes

Levels and vault maps discovered:
D:1:      ncdulo_wetmaze, layout_basic
D:2:      layout_loops_cross, nicolae_overflow_hidden_temple,
          nicolae_gozag_seed_capital, tso_metal_star, serial_glass,
          glass_columns_a, glass_columns_c, grunt_ministairs_15
D:3:      layout_rooms, nemelex_xobeh_ov_fountains_minmay, dk_vineyard_3
D:4:      layout_loops_ring, ebering_dispersal_statue_hall, uniq_grinder
D:5:      layout_basic, zin_statuary, minmay_temple_entry_waves,
          kennysheep_generic_room_16, uniq_eustachio
D:6:      layout_basic, old_standard_altar

Skill      XL: |  1  2  3  4  5  6  7 |
---------------+----------------------+-----
Fighting       | 4 5 6 |  6.0
Maces & Flails | 4 5 6 7 |  7.4
Armour         | 3 4 5 |  5.5
Dodging        | 3 4 |  4.0
Stealth        | |  0.1

Action                   |  1- 3 |  4- 6 |  7- 9 || total
-------------------------+-------+-------+-------++-------
Melee: Mace              |    47 |    66 |    26 ||   139
       Headbutt          |    10 |    15 |     4 ||    29
Invok: Berserk           |       |     2 |     1 ||     3
       Trog's Hand       |       |     2 |       ||     2
Armor: Ring mail         |    14 |    20 |     5 ||    39
Dodge: Dodged            |    37 |    52 |    16 ||   105

Table legend: (Time is in decaauts)
 A = Elapsed time spent in this place.
 B = Non-inter-level travel time spent in this place.
 C = Inter-level travel time spent in this place.
 D = Time resting spent in this place.
 E = Time spent auto-exploring this place.
 F = Levels seen in this place.
 G = Mean time per level.
                   A        B        C        D        E       F      G
               +--------+--------+--------+--------+--------+-----+--------+
         Total |   2770 |   2770 |      0 |   1554 |     90 |   6 |  461.7 |
       Dungeon |   2770 |   2770 |      0 |   1554 |     90 |   6 |  461.7 |
               +--------+--------+--------+--------+--------+-----+--------+

Top non-repeatable levels by time:
     D:5: 1282 daAuts
     D:4: 889 daAuts
     D:2: 294 daAuts
     D:1: 203 daAuts
     D:6: 76 daAuts
     D:3: 23 daAuts
